 Dungeon Sprint DCSS version 0.30.1-11-g7821555f0a (webtiles) character file.

Game seed: 5506744518874649937

212 DiggyJ the Protected (level 5, -5/56 HPs)
             Began as a Minotaur Fighter on Jan 9, 2024.
             Was a Believer of Trog.
             Splashed by a jelly's acid (7 damage)
             ... in the Dungeon (Sprint VII: "The Pits").
             The game lasted 00:00:32 (69 turns).

DiggyJ the Protected (Minotaur Fighter)               Turns: 69, Time: 00:00:32

Health: -5/56      AC: -7    Str: 22    XL:     5   Next: 58%
Magic:  4/4        EV:  9    Int:  5    God:    Trog [**....]
Gold:   0          SH:  5    Dex: 10    Spells: 4/4 levels left

rFire   . . .        a - +0 war axe
rCold   . . .        c - +0 buckler
rNeg    . . .        b - +0 scale mail
rPois   .            (helmet restricted)
rElec   .            (no cloak)
rCorr   .            (no gloves)
SInv    .            (no boots)
Will    .....        (no amulet) Stlth
                     (no ring)
HPRegen 0.29/turn    (no ring)
MPRegen 0.09/turn

%: no teleportation
@: corroded
A: horns 2, retaliatory headbutt
a: Renounce Religion, Berserk, Trog's Hand


You were in the Dungeon.
You worshipped Trog.
Trog was pleased with you.
You visited 1 branch

Inventory:

Hand Weapons
 a - a +0 war axe (weapon)
Armour
 b - a +0 scale mail (worn)
 c - a +0 buckler (worn)
Scrolls
 j - a scroll of blinking
Potions
 d - a potion of might
 e - a potion of curing
 f - a potion of heal wounds
 g - a potion of haste
 h - 2 potions of magic
 i - a potion of berserk rage


   Skills:
 + Level 8.4 Fighting
 + Level 5.6 Axes
 + Level 8.4 Armour
 + Level 0.3 Dodging
 + Level 8.1 Shields


You had 4 spell levels left.
You didn't know any spells.
Your spell library was empty.

Dungeon Overview and Level Annotations

Branches:
Dungeon (1/1)

Altars:
Ashenzari
Cheibriados
Dithmenos
Elyvilon
Fedhas
Gozag
Hepliaklqana
Kikubaaqudgha
Makhleb
Nemelex Xobeh
Okawaru
Qazlal
Ru
Sif Muna
Trog
Uskayaw
Vehumet
Wu Jian
Xom
Yredelemnul
Zin
The Shining One
Jiyva
Lugonu


Innate Abilities, Weirdness & Mutations

You have a pair of horns on your head.
You reflexively headbutt those who attack you in melee.


Message History

You headbutt the floating eye.
The floating eye is lightly wounded.
You hit the jelly.
Your hands burn!
The jelly closely misses you.
You hit the floating eye.
The floating eye is heavily wounded.
You hit the jelly. The acid corrodes you!
Your hands burn!
The jelly barely misses you.
You hit the floating eye.
The floating eye is almost dead.
You hit the jelly but do no damage. The acid corrodes you!
Your hands burn!
The jelly hits you. The acid corrodes you!
You are splashed with acid!
You hit the floating eye.
You kill the floating eye!
Trog accepts your kill.
You hit the ball python skeleton. You hit the jelly but do no damage.
Your hands burn!
The ball python skeleton barely misses you.
You furiously retaliate!
You headbutt the ball python skeleton, but do no damage.
The ball python skeleton barely misses you.
The jelly hits you.
You are splashed with acid!
The jelly hits you.
You are splashed with acid!
* * * LOW HITPOINT WARNING * * *
The ball python skeleton bites you.
* * * LOW HITPOINT WARNING * * *
The ball python skeleton misses you.
Your Fighting skill increases to level 8!
Your Axes skill increases to level 5!
Your Armour skill increases to level 8!
Your Shields skill increases to level 8!
You have reached level 5!
You hit the ball python skeleton.
You destroy the ball python skeleton!
Trog accepts your kill.
You can now call upon Trog for regeneration and willpower.
You hit the jelly.
Your hands burn!
* * * LOW HITPOINT WARNING * * *
The jelly hits you.
* * * LOW HITPOINT WARNING * * *
The acid corrodes you!
You are splashed with acid!
You die...

_______...###########++
#########'##...........
+.##......#..#.
##########.##...........
#...........'...........
#+#####'#####......#..#.
#.)#..##...........
+..)..#####'#####++
####@###.......#
#.....J..##.......#
#........##.......#
#####+#####...<...#
#.......# #.......#
#.......# #########


You could see a jelly.

Vanquished Creatures
  2 floating eyes (D)
  A gnoll (D)
  A bat zombie (D)
  A goblin (D)
  A ball python skeleton (D)
  A rat (D)
7 creatures vanquished.

Notes
Turn   | Place    | Note
-------+----------+-------------------------------------------
     0 | D        | DiggyJ the Minotaur Fighter began the quest for the Orb.
     0 | D        | Reached XP level 1. HP: 19/19 MP: 0/0
    11 | D        | Noticed a floating eye
    13 | D        | Killed a floating eye
    14 | D        | Reached XP level 2. HP: 34/34 MP: 1/1
    14 | D        | Reached XP level 3. HP: 39/39 MP: 2/2
    14 | D        | Reached XP level 4. HP: 47/47 MP: 3/3
    18 | D        | Found a bloodstained altar of Trog.
    18 | D        | Found a shimmering blue altar of Sif Muna.
    18 | D        | Found a viscous altar of Jiyva.
    18 | D        | Found a hazy altar of Hepliaklqana.
    18 | D        | Found an opulent altar of Gozag.
    19 | D        | Found a glowing golden altar of the Shining One.
    19 | D        | Found a glowing silver altar of Zin.
    19 | D        | Found a basalt altar of Yredelemnul.
    19 | D        | Found a shimmering altar of Xom.
    19 | D        | Found an ornate altar of the Wu Jian Council.
    19 | D        | Found a sacrificial altar of Ru.
    19 | D        | Found a stormy altar of Qazlal.
    19 | D        | Found an iron altar of Okawaru.
    19 | D        | Found a sparkling altar of Nemelex Xobeh.
    19 | D        | Found a burning altar of Makhleb.
    19 | D        | Found a blossoming altar of Fedhas.
    19 | D        | Found a white marble altar of Elyvilon.
    19 | D        | Found a shadowy altar of Dithmenos.
    19 | D        | Found a snail-covered altar of Cheibriados.
    21 | D        | Found a radiant altar of Vehumet.
    21 | D        | Found a corrupted altar of Lugonu.
    22 | D        | Found a hide-covered altar of Uskayaw.
    22 | D        | Found an ancient bone altar of Kikubaaqudgha.
    22 | D        | Found a broken altar of Ashenzari.
    25 | D        | Became a worshipper of Trog the Wrathful
    57 | D        | Reached * piety under Trog
    63 | D        | Noticed a floating eye
    68 | D        | Killed a floating eye
    69 | D        | Reached skill level 5 in Axes
    69 | D        | Reached XP level 5. HP: 8/56 MP: 4/4
    69 | D        | Reached ** piety under Trog
    69 | D        | HP: 2/56 [jelly (3)]
    69 | D        | Splashed by a jelly's acid

Illustrated notes

Levels and vault maps discovered:
D:        pitsprint [storerooms_1, entrance_room_1, metal_vault_8, armoury_2,
          mini_pit_1, grid_room_1, main_hall_1, silver_pit, the_coven_1,
          the_vestibule_1, steel_vault_2, golden_pit, hallway_of_sentries,
          crystal_vault_2, iron_vault_4, final_vault]

Skill      XL: |  1  2  3  4 |
---------------+-------------+-----
Fighting       | 7 8 |  8.4
Axes           | 4 5 |  5.6
Armour         | 7 8 |  8.4
Shields        | 6 8 |  8.1
Dodging        | |  0.3

Action                     |  1- 3 |  4- 6 || total
---------------------------+-------+-------++-------
  Melee: War axe           |     1 |    10 ||    11
         Headbutt          |     1 |     2 ||     3
 Armour: Scale mail        |       |     1 ||     1
  Dodge: Dodged            |       |     8 ||     8
  Block: Buckler           |       |     4 ||     4
